 Dungeon Crawl Stone Soup version 0.28-a0-1638-g9123634e07 (webtiles) character file.

Game seed: 16386724672143367633

186 kae the Ruffian (level 5, -1/36 (41) HPs)
             Began as a Draconian Transmuter on Jan 25, 2022.
             Slain by Duvessa (2 damage)
             ... on level 4 of the Dungeon.
             The game lasted 00:01:37 (2986 turns).

kae the Ruffian (Draconian Transmuter)              Turns: 2986, Time: 00:01:38

HP:   -1/36 (41)    AC:  2    Str: 12    XL:     5   Next: 38%
MP:   6/8           EV: 19    Int: 16    God:
Gold: 76            SH:  0    Dex: 16    Spells: 5/9 levels left

rFire   . . .      SeeInvis .     - Unarmed
rCold   . . .      Faith    .   (shield currently unavailable)
rNeg    . . .      Spirit   .   (armour unavailable)
rPois   x          Reflect  .   (helmet currently unavailable)
rElec   .          Harm     .   (cloak currently unavailable)
rCorr   .          Rampage  .   (gloves currently unavailable)
Will    .....                   (boots currently unavailable)
Stlth   +.........              (no amulet)
HPRegen 0.12/turn               (no ring)
MPRegen 0.11/turn               (no ring)

@: spider-form (expiring), heavily drained
A: venomous fangs, AC +5, tiny, unfitting armour, (cold-blooded)
a: End Transformation


You were on level 4 of the Dungeon.
You were a venomous arachnid creature.
You visited 1 branch of the dungeon, and saw 4 of its levels.

You collected 102 gold pieces.
You spent 26 gold pieces at shops.

Inventory:

Jewellery
 f - a +4 ring of protection
Scrolls
 a - 4 scrolls of identify
 b - 2 scrolls of teleportation
Potions
 c - a potion of degeneration
 d - a potion of flight {unknown}
 e - a potion of brilliance {unknown}
 g - a potion of magic {unknown}


   Skills:
 + Level 2.1 Fighting
 + Level 2.3 Dodging
 * Level 4.0 Unarmed Combat
 + Level 2.6 Spellcasting
 * Level 3.2 Transmutations
 * Level 1.5 Poison Magic


You had 5 spell levels left.
You knew the following spells:

 Your Spells              Type           Power      Damage    Failure   Level
a - Beastly Appendage     Tmut           24%        N/A       16%         1
b - Spider Form           Tmut/Pois      9%         N/A       43%         3

Your spell library contained the following spells:

 Spells                   Type           Power      Damage    Failure   Level
 Wereblood                Tmut           12%        N/A       21%         2
 Sublimation of Blood     Necr           2%         N/A       52%         2
 Ice Form                 Ice/Tmut       7%         N/A       86%         4
 Summon Hydra             Summ           1%         N/A       100%        7


Dungeon Overview and Level Annotations

Branches:
Dungeon (4/15)
 Temple: D:4-7

Altars:

Shops:
D:2 ([*

Annotations:
D:4 Dowan, Duvessa


Innate Abilities, Weirdness & Mutations

You are a venomous arachnid creature.
You have poisonous fangs.
You are tiny and dextrous.
Your spellcasting is less reliable in this form.
Your armour is entirely melded.
You are incapable of wielding weapons or throwing items.
((Your plain brown scales are hard. (AC +5)))
You cannot fit into any form of body armour.
((You are cold-blooded and may be slowed by cold attacks.))


Message History

The spell is quite dangerous to miscast (22% risk of failure)!
Continue anyway?
You turn into a venomous arachnid creature.
Dowan casts a spell at something.
You hear a shout!
You hear an angry hiss.
Dowan casts a spell at you. The puff of flame hits you!
Duvessa, Sister of Dowan comes into view.
She is wielding a +2 short sword of draining.
Dowan hits you with a +2 dagger of protection!
You hit Dowan.
Dowan is poisoned.
Dowan is lightly wounded.
You hit Duvessa but do no damage.
Duvessa is poisoned.
Duvessa drinks a potion.
Duvessa is healed!
Duvessa looks more healthy.
You hit Duvessa but do no damage.
Duvessa is poisoned.
Duvessa hits you with a +2 short sword of draining.
You feel drained. Duvessa closely misses you.
Dowan mumbles some strange words.
Dowan blinks!
You hit Duvessa.
Duvessa is lightly wounded.
Your transformation is almost over.
Duvessa misses you.
You hit Duvessa.
Duvessa looks as sick as possible!
Duvessa is lightly wounded.
Duvessa hits you with a +2 short sword of draining.
You feel drained.
You hit Duvessa but do no damage.
Duvessa is moderately wounded.
Duvessa closely misses you. x2
You hit Duvessa.
Duvessa looks as sick as possible!
Duvessa is heavily wounded.
Duvessa hits you with a +2 short sword of draining!
* * * LOW HITPOINT WARNING * * *
You feel drained.
* * * LOW HITPOINT WARNING * * *
Dowan closely misses you. Dowan misses you.
Duvessa hits you with a +2 short sword of draining.
* * * LOW HITPOINT WARNING * * *
You feel drained.
You die...

##################
.................#
################.#
#.# ### #.# .... #
#.# .....
#####.##s#......
..(....ee......>
...##.##.#...... #
# #.#...... . #.#
#.... # #.. ./.. #
... ##.
###################
........§§§§§§....#


You could see Duvessa (fast, extremely poisoned) and Dowan (poisoned).

Vanquished Creatures
  2 hounds (D:4)
  An orc wizard (D:3)
  4 adders (D:2)
  2 worms (D:2)
  A dart slug (D:1)
  4 orcs (D:3)
  5 bats
  3 endoplasms
  8 hobgoblins
  5 jackals
  7 ball pythons
  2 frilled lizards (D:1)
  5 goblins
  3 kobolds
  5 rats
57 creatures vanquished.

Notes
Turn   | Place    | Note
-------+----------+-------------------------------------------
     0 | D:1      | kae the Draconian Transmuter began the quest for the Orb.
     0 | D:1      | Reached XP level 1. HP: 16/16 MP: 3/3
   169 | D:1      | Reached XP level 2. HP: 22/23 MP: 3/5
   322 | D:1      | Found a faded altar of an unknown god.
   967 | D:2      | Found Xeusonaz's Weapon Emporium.
  1017 | D:2      | Reached XP level 3. HP: 25/28 MP: 4/6
  1028 | D:2      | Learned a level 3 spell: Spider Form
  1599 | D:2      | Found Ohisoq's Assorted Antiques.
  1610 | D:2      | Bought a black potion for 26 gold pieces
  1644 | D:2      | Found Jotet's Armour Emporium.
  1669 | D:2      | Reached XP level 4. HP: 36/36 MP: 5/7
  2366 | D:3      | Reached skill level 1 in Poison Magic
  2696 | D:3      | You fall into a shaft and drop 1 floor!
  2740 | D:4      | Reached skill level 4 in Unarmed Combat
  2740 | D:4      | Reached XP level 5. HP: 27/41 MP: 8/8
  2975 | D:4      | Noticed Dowan
  2978 | D:4      | Noticed Duvessa
  2986 | D:4      | HP: 1/37 [Duvessa (6)]
  2986 | D:4      | Slain by Duvessa

Illustrated notes

Levels and vault maps discovered:
D:1:      kennysheep_arrival_forest, layout_rooms,
          hellmonk_ecumenical_altar_arch_garden
D:2:      layout_loops_ring, serial_shops, nicolae_shop_bloodbath_and_beyond,
          nicolae_shop_trees, shop_fountains, minmay_misc_feat_encased,
          mrwooster_statue_mirror, corner_web_ring
D:3:      layout_basic
D:4:      layout_basic, uniq_menkaure, uniq_duvessa, uniq_pikel

Skill      XL: |  1  2  3  4 |
---------------+-------------+-----
Dodging        | 2 |  2.3
Fighting       | 2 |  2.1
Transmutations | 3 |  3.2
Poison Magic   | 1 |  1.5
Unarmed Combat | 4 |  4.0
Spellcasting   | |  2.6

Action                   |  1- 3 |  4- 6 || total
-------------------------+-------+-------++-------
Melee: Unarmed           |    92 |    96 ||   188
       Headbutt          |    12 |     7 ||    19
       Kick              |    11 |    16 ||    27
       Tailslap          |     7 |     6 ||    13
       Punch             |       |     2 ||     2
 Cast: Beastly Appendage |    17 |    10 ||    27
       Spider Form       |       |     2 ||     2
  Use: Scroll            |     1 |     4 ||     5
Armor: Skin              |    26 |    30 ||    56
Dodge: Dodged            |    67 |    62 ||   129

Table legend: (Time is in decaauts)
 A = Elapsed time spent in this place.
 B = Non-inter-level travel time spent in this place.
 C = Inter-level travel time spent in this place.
 D = Time resting spent in this place.
 E = Time spent auto-exploring this place.
 F = Levels seen in this place.
 G = Mean time per level.
                   A        B        C        D        E       F      G
               +--------+--------+--------+--------+--------+-----+--------+
         Total |   2972 |   2951 |     21 |      0 |   2508 |   4 |  743.0 |
       Dungeon |   2972 |   2951 |     21 |      0 |   2508 |   4 |  743.0 |
               +--------+--------+--------+--------+--------+-----+--------+

Top non-repeatable levels by time:
     D:2: 1253 daAuts
     D:1: 940 daAuts
     D:3: 489 daAuts
     D:4: 288 daAuts
